 Dungeon Sprint DCSS version 0.21.2 (webtiles) character file.

900000 Fang the Fighter (level 11, -71/101 HPs)
             Began as a Demonspawn Gladiator on Feb 7, 2019.
             Was an Initiate of Makhleb.
             Annihilated by a meat berserker
             ... wielding a +9 battleaxe
              (88 damage)
             ... in the Dungeon (Sprint VIII: "Arena of Blood").
             The game lasted 00:00:48 (9 turns).

Fang the Fighter (Demonspawn Gladiator)                Turns: 9, Time: 00:00:48

Health: -71/101    AC:  3    Str: 17    XL:     11   Next: 71%
Magic:  11/11      EV: 21    Int: 10    God:    Makhleb [......]
Gold:   0          SH:  6    Dex: 15    Spells: 10/10 levels left

rFire    . . .     SeeInvis +   l - +∞ Axe of Woe
rCold    . . .     Gourm    .   (shield currently unavailable)
rNeg     . . .     Faith    .   b - +0 leather armour
rPois    .         Spirit   .   (helmet unavailable)
rElec    .         Reflect  .   (no cloak)
rCorr    .         Harm     .   (no gloves)
MR       .....     NoTele   +   (no boots)
Stlth    +.........             (no amulet)
HPRegen  0.26/turn              (no ring)
MPRegen  0.12/turn              (no ring)

@: no status effects
A: antennae 3, large bone plates 2, rot immunity
a: Renounce Religion


You were in the Dungeon.
You worshipped Makhleb.
Makhleb was noncommittal.
You were not hungry.

You visited 1 branch

Inventory:

Hand Weapons
 a - a +0 war axe
 l - the +∞ Axe of Woe (weapon)
   (You found it in the Dungeon)
Missiles
 d - 3 throwing nets (quivered)
Armour
 b - a +0 leather armour (worn)
 c - a +0 helmet
Scrolls
 k - a scroll of blinking
Potions
 e - a potion of curing
 g - a potion of heal wounds
 h - a potion of haste
 i - 2 potions of magic
 j - a potion of berserk rage
Comestibles
 f - a ration


   Skills:
 + Level 14.6 Fighting
 + Level 13.7 Axes
 + Level 13.6 Throwing
 + Level 13.7 Dodging


You had 10 spell levels left.
You didn't know any spells.

Dungeon Overview and Level Annotations

Branches:
Dungeon (1/1)

Altars:
Makhleb


Innate Abilities, Weirdness & Mutations

You have a pair of large antennae on your head. (SInv)
You are mostly covered in large bone plates. (SH +6)
You are immune to rotting.


Message History

A pair of antennae grows on your head!
Your +0 helmet falls away!
You have reached level 9!
Your experience leads to an increase in your attributes!
Increase (S)trength, (I)ntelligence, or (D)exterity?
You feel stronger.
Your demonic ancestry asserts itself...
The antennae on your head grow some more.
You have reached level 10!
Your demonic ancestry asserts itself...
You feel immune to rotting.
You have reached level 11!
Your demonic ancestry asserts itself...
The antennae on your head grow some more.
You hear a shout! x9
The meat berserker hits you with a +9 battleaxe!!!
* * * LOW HITPOINT WARNING * * *
You hear a shout! x9
The meat berserker hits you with a +9 battleaxe!!!!
Ouch! That really hurt!
You die...

......... #...
...# . #...
...# . ..###...
o..###..
......###....o.
......_..o...
#...O.# #_.<)@#
#....o#
......_.o....
......###.o....
..###...
...###.. . #...
...# . #...
...# .........


You could see a meat berserker (berserk) and 5 bags of meat.

Vanquished Creatures
  An orc (D)
1 creature vanquished.

Notes
Turn   | Place    | Note
-------+----------+-------------------------------------------
     0 | D        | Found the +∞ Axe of Woe
     0 | D        | Fang the Demonspawn Gladiator began the quest for the Orb.
     0 | D        | Reached XP level 1. HP: 16/16 MP: 1/1
     4 | D        | Became a worshipper of Makhleb the Destroyer
     5 | D        | Noticed a bag of meat
     6 | D        | Noticed a bag of meat
     7 | D        | Noticed a bag of meat
     7 | D        | Noticed a bag of meat
     8 | D        | Noticed a bag of meat
     8 | D        | Noticed a bag of meat
     9 | D        | Noticed a bag of meat
     9 | D        | Noticed a meat berserker
     9 | D        | Killed a bag of meat
     9 | D        | Reached skill level 14 in Fighting
     9 | D        | Gained mutation: You are partially covered in large bone plates. (SH +4) [demonic ancestry]
     9 | D        | Reached XP level 2. HP: 27/43 MP: 2/2
     9 | D        | Gained mutation: You are mostly covered in large bone plates. (SH +6) [demonic ancestry]
     9 | D        | Reached XP level 3. HP: 31/49 MP: 3/3
     9 | D        | Reached XP level 4. HP: 36/56 MP: 4/4
     9 | D        | Reached XP level 5. HP: 40/62 MP: 5/5
     9 | D        | Reached XP level 6. HP: 44/69 MP: 6/6
     9 | D        | Reached XP level 7. HP: 48/75 MP: 7/7
     9 | D        | Gained mutation: You have a pair of small antennae on your head. [demonic ancestry]
     9 | D        | Reached XP level 8. HP: 53/82 MP: 8/8
     9 | D        | Gained mutation: You have a pair of antennae on your head. [demonic ancestry]
     9 | D        | Reached XP level 9. HP: 57/88 MP: 9/9
     9 | D        | Gained mutation: You are immune to rotting. [demonic ancestry]
     9 | D        | Reached XP level 10. HP: 61/95 MP: 10/10
     9 | D        | Gained mutation: You have a pair of large antennae on your head. (SInv) [demonic ancestry]
     9 | D        | Reached XP level 11. HP: 65/101 MP: 11/11
     9 | D        | Annihilated by a meat berserker

Skill      XL: |  1 |
---------------+----+-----
Fighting       | 14 | 14.6
Axes           | 13 | 13.7
Throwing       | 13 | 13.6
Dodging        | 13 | 13.7

Action                   |  1- 3 |  4- 6 |  7- 9 | 10-12 || total
-------------------------+-------+-------+-------+-------++-------
Melee: Executioner's axe |     1 |       |       |       ||     1
